 Dungeon Crawl Stone Soup version 0.28-a0-29-g0adfcbbeba (webtiles) character file.

Game seed: 4589935138648267795

70 DasRunzen the Grasshopper (level 4, 0/20 HPs)
             Began as a Felid Warper on July 27, 2021.
             Succumbed to an adder's poison
             ... on level 3 of the Dungeon.
             The game lasted 00:06:35 (5041 turns).

DasRunzen the Grasshopper (Felid Warper)            Turns: 5041, Time: 00:06:36

Health: 0/20       AC:  1    Str:  7    XL:     4   Next: 3%
Magic:  8/8        EV: 18    Int: 15    God:
Gold:   24         SH:  0    Dex: 13    Spells: 3/8 levels left
                                        Lives:  0   Deaths: 1

rFire   . . .      SeeInvis +     - Unarmed
rCold   + . .      Faith    .   (shield unavailable)
rNeg    . . .      Spirit   .   (armour unavailable)
rPois   .          Reflect  .   (helmet unavailable)
rElec   .          Harm     .   (cloak unavailable)
rCorr   .          Rampage  .   (gloves unavailable)
Will    .....                   (boots unavailable)
Stlth   ++........              (no amulet)
HPRegen 0.06/turn               d - ring of protection from cold
MPRegen 0.11/turn               (no ring)

@: lethally poisoned (0 -> -6), quick
A: very small, claws 1, fangs 3, see invisible, speed 1, shaggy fur 1, stealthy
paws, no weapons or thrown items, no armour, multi-lived, clumsy 1, low mp 1,
sense surroundings 1
a: no special abilities


You were on level 3 of the Dungeon.
You visited 1 branch of the dungeon, and saw 4 of its levels.

You collected 24 gold pieces.

Inventory:

Jewellery
 d - a ring of protection from cold (left paw)
Scrolls
 a - 2 scrolls of blinking
Potions
 b - a potion of magic {unknown}
 c - a potion of curing
 e - a potion of heal wounds {unknown}


   Skills:
 + Level 2.6 Fighting
 + Level 4.1 Dodging
 + Level 2.6 Stealth
 + Level 2.7 Unarmed Combat
 + Level 2.6 Spellcasting
 + Level 5.2 Translocations


You had 3 spell levels left.
You knew the following spells:

 Your Spells              Type           Power      Damage    Failure   Level
a - Blink                 Tloc           N/A        N/A       3%          2
b - Gell's Gravitas       Tloc           8%         N/A       8%          3

Your spell library contained the following spells:

 Spells                   Type           Power      Damage    Failure   Level
 Lesser Beckoning         Tloc           8%         N/A       8%          3
 Teleport Other           Tloc           17%        N/A       8%          3
 Corona                   Hex            1%         N/A       22%         1
 Ensorcelled Hibernation  Hex/Ice        2%         N/A       32%         2
 Tukima's Dance           Hex            1%         N/A       54%         3
 Manifold Assault         Tloc           17%        N/A       56%         5


Dungeon Overview and Level Annotations

Branches:
Dungeon (4/15)
 Temple: D:4-7

Altars:


Innate Abilities, Weirdness & Mutations

You have sharp claws.
You have razor-sharp teeth.
You have supernaturally acute eyesight. (SInv)
You cover ground quickly. (Speed+)
You are covered in fur. (AC +1)
Your paws help you pounce on unaware monsters.
You are incapable of wielding weapons or throwing items.
You cannot wear armour.
You gain extra lives every three experience levels.
You are clumsy. (Dex -2)
Your magical capacity is low. (-10% MP)
You passively map a small area around you.


Message History

A quokka is nearby!
You scratch the quokka.
You kill the quokka!
No target in view!
No target in view!
You see here a quokka corpse.
An adder comes into view.
An adder is nearby!
The adder hisses angrily.
A black bear comes into view.
You see here a quokka corpse.
The kobold barely misses you. The kobold misses you.
Found 21 stones.
The adder closely misses you.
There is a stone staircase leading up here.
The adder closely misses you.
You climb upwards.
There is a stone staircase leading down here.
You miss the adder. The adder completely misses you. The adder bites you.
You are poisoned.
The adder poisons you!
You closely miss the adder.
You feel sick. The adder bites you.
You are lethally poisoned!
The adder poisons you!
You miss the adder.
You feel very sick. The adder completely misses you.
You scratch the adder.
The adder is severely wounded.
* * * LOW HITPOINT WARNING * * *
You feel sick. The adder bites you.
* * * LOW HITPOINT WARNING * * *
You closely miss the adder.
The adder is severely wounded.
* * * LOW HITPOINT WARNING * * *
You feel sick. The adder completely misses you.
You closely miss the adder.
The adder is severely wounded.
You die...

####.#### #......
##.# ##.....
######..### ####.....
#.........###........
#....................
#...........##.......
#..........###.####.#
#..S.......# #.# #..#
#...@.....## #.###.##
#######...# #......#
#.######...<...
####.#......######
##......####.###...
##..##.### #.......
#..###.# ###.....
#.###..# #รท....
#####.###.## #.....


You could see an adder.

Vanquished Creatures
  Jessica (D:3)
  3 adders
  3 dart slugs
  4 ball pythons
  6 endoplasms
  2 giant cockroaches
  8 goblins
  7 hobgoblins
  13 jackals (D:1)
  3 quokkas
  3 bats
  4 frilled lizards
  6 kobolds
  3 rats
66 creatures vanquished.

Notes
Turn   | Place    | Note
-------+----------+-------------------------------------------
     0 | D:1      | DasRunzen the Felid Warper began the quest for the Orb.
     0 | D:1      | Reached XP level 1. HP: 9/9 MP: 4/4
   364 | D:1      | Reached XP level 2. HP: 3/13 MP: 6/6
   611 | D:1      | Learned a level 2 spell: Blink
   893 | D:1      | Reached skill level 1 in Stealth
  1309 | D:1      | You fall into a shaft and drop 1 floor!
  1622 | D:1      | Reached XP level 3. HP: 16/16 MP: 7/7
  3811 | D:2      | Reached XP level 4. HP: 20/20 MP: 8/8
  4031 | D:2      | Reached skill level 5 in Translocations
  4075 | D:2      | Learned a level 3 spell: Gell's Gravitas
  4092 | D:2      | Gained mutation: Your magical capacity is low. (-10% MP)
                  | [potion of mutation]
  4092 | D:2      | Gained mutation: You are clumsy. (Dex -2) [potion of
                  | mutation]
  4092 | D:2      | Gained mutation: You passively map a small area around you.
                  | [potion of mutation]
  4216 | D:3      | Noticed Jessica
  4224 | D:3      | Killed Jessica
  4982 | D:4      | Succumbed to an adder's poison
  4983 | D:4      | Reached XP level 3. HP: 0/16 MP: 7/7
  4983 | D:4      | Reached XP level 4. HP: 20/20 MP: 8/8
  5000 | D:4      | Noticed a black bear
  5040 | D:3      | HP: 1/20 [poisoned by an adder]
  5041 | D:3      | Succumbed to an adder's poison

Illustrated notes

Levels and vault maps discovered:
D:1:      saegor_arrival_simple_a, layout_loops_corners
D:2:      layout_loops_ring
D:3:      layout_rooms, chequers_serial_rivers_micro_a, uniq_jessica
D:4:      minmay_skewed_foursquare, layout_basic,
          minmay_temple_entry_butterflies

Skill      XL: |  1  2  3  4 |
---------------+-------------+-----
Stealth        | 1 2 |  2.6
Translocations | 5 |  5.2
Dodging        | 4 |  4.1
Fighting       | |  2.6
Unarmed Combat | |  2.7
Spellcasting   | |  2.6

Action                   |  1- 3 |  4- 6 || total
-------------------------+-------+-------++-------
Melee: Unarmed           |   192 |    75 ||   267
       Bite              |    16 |     1 ||    17
       Punch             |       |     1 ||     1
  Use: Scroll            |     1 |     4 ||     5
       Potion            |       |     1 ||     1
 Stab: Sleeping          |     1 |     3 ||     4
Armor: Skin              |     4 |     3 ||     7
Dodge: Dodged            |   170 |    69 ||   239

Table legend: (Time is in decaauts)
 A = Elapsed time spent in this place.
 B = Non-inter-level travel time spent in this place.
 C = Inter-level travel time spent in this place.
 D = Time resting spent in this place.
 E = Time spent auto-exploring this place.
 F = Levels seen in this place.
 G = Mean time per level.
                   A        B        C        D        E       F      G
               +--------+--------+--------+--------+--------+-----+--------+
         Total |   4685 |   4627 |     58 |   1840 |   2164 |   4 | 1171.2 |
       Dungeon |   4685 |   4627 |     58 |   1840 |   2164 |   4 | 1171.2 |
               +--------+--------+--------+--------+--------+-----+--------+

Top non-repeatable levels by time:
     D:1: 2598 daAuts
     D:2: 1426 daAuts
     D:3: 563 daAuts
     D:4: 96 daAuts
